TOP OF THE 1ST |
San Francisco Giants batting - Pitching for New York Mets : RHP Benjamin Ochoa
|
Pitching: RHP Benjamin Ochoa
|
|
Batting: SHB Kevin Bass
|
0-0: Ground out 6-3 (Groundball, 6, EV 100.0 MPH)
|
Batting: LHB Ken Griffey Sr
|
0-0: Called Strike 0-1: Called Strike 0-2: Ball 1-2: Ball 2-2: Foul Ball, location: 2F 2-2: Ball 3-2: Foul Ball, location: 2F 3-2: Strikes out swinging
|
Batting: LHB Keith Hernandez
|
0-0: Called Strike 0-1: Ball 1-1: DOUBLE (Groundball, 3L, EV 103.1 MPH)
|
Batting: RHB Phil Bailey
|
0-0: Ball 1-0: Ball 2-0: Ball 3-0: Called Strike 3-1: Base on Balls
|
Batting: RHB Don Slaught
|
0-0: Foul Ball, location: 2F 0-1: Ball 1-1: Called Strike 1-2: Strikes out looking
|
Top of the 1st over - 0 runs, 1 hit, 0 errors, 2 left on base; San Francisco 0 - New York 0 |
BOTTOM OF THE 1ST |
New York Mets batting - Pitching for San Francisco Giants : RHP Dan Neumeier
|
Pitching: RHP Dan Neumeier
|
|
Batting: RHB Dave Concepcion
|
0-0: Called Strike 0-1: Ball 1-1: SINGLE (Flyball, 89S, EV 95.0 MPH)
|
Batting: RHB Jason Sickman
|
0-0: Ball 1-0: Called Strike 1-1: SINGLE (Line Drive, 3D, EV 96.3 MPH) Dave Concepcion to second
|
Batting: LHB Lyman Bostock
|
0-0: Ground out 6-3 (Groundball, 4MS, EV 65.0 MPH) Dave Concepcion to third Jason Sickman to second
|
Batting: RHB Garry Maddox
|
0-0: Ball 1-0: Ball 2-0: Ball 3-0: Called Strike 3-1: Ground out 4-3 (Groundball, 4, EV 106.9 MPH) Dave Concepcion scores Jason Sickman to third
|
Batting: SHB Ken Singleton
|
0-0: Ball Wild Pitch! Jason Sickman scores 1-0: Fly out, F5 (Popup, 5SF, EV 78.1 MPH)
|
Bottom of the 1st over - 2 runs, 2 hits, 0 errors, 0 left on base; San Francisco 0 - New York 2 |
TOP OF THE 2ND |
San Francisco Giants batting - Pitching for New York Mets : RHP Benjamin Ochoa
|
Batting: RHB Kevin Howard
|
0-0: SINGLE (Groundball, 6S, EV 63.1 MPH) (infield hit)
|
Batting: SHB Tyler O'Dell
|
0-0: Called Strike 0-1: Ball 1-1: Ball 2-1: Fly out, F7 (Line Drive, 7D, EV 87.5 MPH)
|
Batting: RHB Dickie Thon
|
0-0: Ball Kevin Howard is caught stealing 2nd base 2-4 1-0: Ball 2-0: Ground out 4-3 (Groundball, 4, EV 80.6 MPH)
|
Top of the 2nd over - 0 runs, 1 hit, 0 errors, 0 left on base; San Francisco 0 - New York 2 |
BOTTOM OF THE 2ND |
New York Mets batting - Pitching for San Francisco Giants : RHP Dan Neumeier
|
Batting: LHB John Kruk
|
0-0: Ball 1-0: SOLO HOME RUN (Flyball, 9D, EV 96.3 MPH), Distance : 378 ft
|
Batting: RHB Bill Almon
|
0-0: Ball 1-0: Called Strike 1-1: Ground out 4-3 (Groundball, 34, EV 93.1 MPH)
|
Batting: RHB Rick Burleson
|
0-0: Ball 1-0: Foul Ball, location: 2F 1-1: Swinging Strike 1-2: Ball 2-2: Ground out 4-3 (Groundball, 4, EV 84.4 MPH)
|
Batting: RHB Benjamin Ochoa
|
0-0: Ground out 4-3 (Groundball, 34, EV 105.0 MPH)
|
Bottom of the 2nd over - 1 run, 1 hit, 0 errors, 0 left on base; San Francisco 0 - New York 3 |
TOP OF THE 3RD |
San Francisco Giants batting - Pitching for New York Mets : RHP Benjamin Ochoa
|
Batting: RHB Dan Neumeier
|
0-0: Foul Ball, location: 2F 0-1: Ball 1-1: Ball 2-1: Called Strike 2-2: Strikes out swinging
|
Batting: SHB Kevin Bass
|
0-0: Ball 1-0: Foul Ball, location: 2F 1-1: Swinging Strike 1-2: Strikes out swinging
|
Batting: LHB Ken Griffey Sr
|
0-0: Foul Ball, location: 2F 0-1: Ground out 4-3 (Groundball, 4S, EV 72.5 MPH)
|
Top of the 3rd over - 0 runs, 0 hits, 0 errors, 0 left on base; San Francisco 0 - New York 3 |
BOTTOM OF THE 3RD |
New York Mets batting - Pitching for San Francisco Giants : RHP Dan Neumeier
|
Batting: RHB Dave Concepcion
|
0-0: SINGLE (Groundball, 4MD, EV 97.5 MPH)
|
Batting: RHB Jason Sickman
|
0-0: Ball 1-0: Called Strike 1-1: Ball 2-1: Foul Ball, location: 2F 2-2: SINGLE (Groundball, 34D, EV 101.3 MPH) Dave Concepcion to second Runner from 2nd tries for 3rd, SAFE, throw by RF made to third
|
Batting: LHB Lyman Bostock
|
0-0: Ball 1-0: Called Strike 1-1: Ball 2-1: SINGLE (Line Drive, 89M, EV 97.5 MPH) Dave Concepcion scores Jason Sickman to second
|
Batting: RHB Garry Maddox
|
0-0: Fly out, F8 (Flyball, 8RD, EV 98.1 MPH)
|
Batting: SHB Ken Singleton
|
0-0: Ball 1-0: Called Strike 1-1: Called Strike 1-2: Ball 2-2: Foul Ball, location: 2F 2-2: Grounds into double play, 3-6-1 (Groundball, 3, EV 84.4 MPH)
|
Bottom of the 3rd over - 1 run, 3 hits, 0 errors, 1 left on base; San Francisco 0 - New York 4 |
TOP OF THE 4TH |
San Francisco Giants batting - Pitching for New York Mets : RHP Benjamin Ochoa
|
Batting: LHB Keith Hernandez
|
0-0: Foul Ball, location: 2F 0-1: Ball 1-1: Swinging Strike 1-2: Ball 2-2: Foul Ball, location: 2F 2-2: Ball 3-2: Strikes out looking
|
Batting: RHB Phil Bailey
|
0-0: Ball 1-0: Called Strike 1-1: Swinging Strike 1-2: Ball 2-2: Foul Ball, location: 2F 2-2: Foul Ball, location: 2F 2-2: Strikes out swinging
|
Batting: RHB Don Slaught
|
0-0: Ball 1-0: Ball 2-0: Called Strike 2-1: Foul Ball, location: 2F 2-2: DOUBLE (Line Drive, 78XD, EV 98.8 MPH)
|
Batting: RHB Kevin Howard
|
0-0: Ball 1-0: Swinging Strike 1-1: Foul Ball, location: 2F 1-2: Ball 2-2: Foul Ball, location: 2F 2-2: SINGLE (Groundball, 56D, EV 106.9 MPH) Don Slaught to third Runner from 3rd tries for Home, SAFE, throw by LF to home
|
Batting: SHB Tyler O'Dell
|
0-0: Foul Ball, location: 2F 0-1: SINGLE (Groundball, 4MD, EV 97.5 MPH) Kevin Howard to second Runner from 2nd tries for 3rd, SAFE, throw by CF made to third
|
Batting: RHB Dickie Thon
|
0-0: Ball 1-0: Called Strike 1-1: Called Strike 1-2: Strikes out looking
|
Top of the 4th over - 1 run, 3 hits, 0 errors, 2 left on base; San Francisco 1 - New York 4 |
BOTTOM OF THE 4TH |
New York Mets batting - Pitching for San Francisco Giants : RHP Dan Neumeier
|
Batting: LHB John Kruk
|
0-0: Called Strike 0-1: Foul Ball, location: 2F 0-2: Ball 1-2: Strikes out swinging
|
Batting: RHB Bill Almon
|
0-0: Called Strike 0-1: Ball 1-1: Ball 2-1: Foul Ball, location: 2F 2-2: Ground out 6-3 (Groundball, 56, EV 107.5 MPH)
|
Batting: RHB Rick Burleson
|
0-0: Called Strike 0-1: Ball 1-1: Ball 2-1: Swinging Strike 2-2: SINGLE (Groundball, 3D, EV 103.1 MPH)
|
Batting: RHB Benjamin Ochoa
|
0-0: Ball 1-0: Swinging Strike 1-1: Foul Ball, location: 2F 1-2: Foul Ball, location: 2F 1-2: Fielders Choice at 2nd, 6-4 (Groundball, 6, EV 103.8 MPH)
|
Bottom of the 4th over - 0 runs, 1 hit, 0 errors, 1 left on base; San Francisco 1 - New York 4 |
TOP OF THE 5TH |
San Francisco Giants batting - Pitching for New York Mets : RHP Benjamin Ochoa
|
Batting: RHB Dan Neumeier
|
0-0: Ball 1-0: Ground out 6-3 (Groundball, 6, EV 88.1 MPH)
|
Batting: SHB Kevin Bass
|
0-0: Fly out, F5 (Popup, 5, EV 70.6 MPH)
|
Batting: LHB Ken Griffey Sr
|
0-0: Ball 1-0: Ball 2-0: Ground out 6-3 (Groundball, 6, EV 81.3 MPH)
|
Top of the 5th over - 0 runs, 0 hits, 0 errors, 0 left on base; San Francisco 1 - New York 4 |
BOTTOM OF THE 5TH |
New York Mets batting - Pitching for San Francisco Giants : RHP Dan Neumeier
|
Batting: RHB Dave Concepcion
|
0-0: Called Strike 0-1: Called Strike 0-2: Ball 1-2: Ball 2-2: Strikes out looking
|
Batting: RHB Jason Sickman
|
0-0: Ball 1-0: Called Strike 1-1: Called Strike 1-2: Ground out 5-3 (Groundball, 5, EV 88.1 MPH)
|
Batting: LHB Lyman Bostock
|
0-0: Called Strike 0-1: Fly out, F7 (Line Drive, 7, EV 86.3 MPH)
|
Bottom of the 5th over - 0 runs, 0 hits, 0 errors, 0 left on base; San Francisco 1 - New York 4 |
TOP OF THE 6TH |
San Francisco Giants batting - Pitching for New York Mets : RHP Benjamin Ochoa
|
Batting: LHB Keith Hernandez
|
0-0: Foul Ball, location: 2F 0-1: Ball 1-1: Ball 2-1: Ball 3-1: Base on Balls
|
Batting: RHB Phil Bailey
|
0-0: Foul Ball, location: 2F 0-1: Ball 1-1: Called Strike 1-2: Ball 2-2: Strikes out swinging
|
Batting: RHB Don Slaught
|
0-0: Ball Pickoff Throw by Catcher to First - Out! 1-0: Ball 2-0: Called Strike 2-1: Fly out, F8 (Line Drive, 8RM, EV 99.4 MPH)
|
Top of the 6th over - 0 runs, 0 hits, 0 errors, 0 left on base; San Francisco 1 - New York 4 |
BOTTOM OF THE 6TH |
New York Mets batting - Pitching for San Francisco Giants : RHP Dan Neumeier
|
Batting: RHB Garry Maddox
|
0-0: Fly out, F8 (Flyball, 8LS, EV 86.3 MPH)
|
Batting: SHB Ken Singleton
|
0-0: Ball 1-0: Fly out, F8 (Flyball, 8LS, EV 83.8 MPH)
|
Batting: LHB John Kruk
|
0-0: Called Strike 0-1: Swinging Strike 0-2: Foul Ball, location: 2F 0-2: SINGLE (Line Drive, 7S, EV 87.5 MPH)
|
Batting: RHB Bill Almon
|
0-0: Called Strike 0-1: Swinging Strike 0-2: Foul Ball, location: 2F 0-2: Ball Wild Pitch! John Kruk to second 1-2: Ball 2-2: Ball 3-2: SINGLE (Groundball, 6M, EV 84.4 MPH) (infield hit) John Kruk to third
|
Batting: RHB Rick Burleson
|
0-0: Ball 1-0: Ball 2-0: Ball 3-0: Called Strike 3-1: Ground out 6-3 (Groundball, 6MD, EV 105.6 MPH)
|
Bottom of the 6th over - 0 runs, 2 hits, 0 errors, 2 left on base; San Francisco 1 - New York 4 |
TOP OF THE 7TH |
San Francisco Giants batting - Pitching for New York Mets : RHP Benjamin Ochoa
|
Batting: RHB Kevin Howard
|
0-0: Called Strike 0-1: Ball 1-1: Ball 2-1: Foul Ball, location: 2F 2-2: Fly out, F8 (Flyball, 89D, EV 85.0 MPH)
|
Batting: SHB Tyler O'Dell
|
0-0: Ball 1-0: DOUBLE (Line Drive, 78D, EV 115.0 MPH)
|
Batting: RHB Dickie Thon
|
0-0: Foul Ball, location: 2F 0-1: Foul Ball, location: 2F 0-2: Strikes out swinging
|
Pinch Hitting: LHB Kevin Christensen
|
0-0: Called Strike 0-1: Swinging Strike 0-2: Strikes out swinging
|
Top of the 7th over - 0 runs, 1 hit, 0 errors, 1 left on base; San Francisco 1 - New York 4 |
BOTTOM OF THE 7TH |
New York Mets batting - Pitching for San Francisco Giants : RHP Dan Neumeier
|
Pitching: RHP Dave Ford
|
|
Batting: RHB Benjamin Ochoa
|
0-0: Called Strike 0-1: Ball 1-1: Ball 2-1: SINGLE (Groundball, 6MD, EV 105.0 MPH)
|
Batting: RHB Dave Concepcion
|
0-0: Ball 1-0: Called Strike 1-1: Sac Bunt to 13 - play at first, batter OUT! 1-3 Benjamin Ochoa to second
|
Batting: RHB Jason Sickman
|
0-0: Ball 1-0: Called Strike 1-1: Called Strike 1-2: Strikes out swinging, 2-3 out at first.
|
Batting: LHB Lyman Bostock
|
0-0: Ball 1-0: Ball 2-0: Foul Ball, location: 2F 2-1: Ball 3-1: Ground out U3 (Groundball, 3, EV 98.8 MPH)
|
Bottom of the 7th over - 0 runs, 1 hit, 0 errors, 1 left on base; San Francisco 1 - New York 4 |
TOP OF THE 8TH |
San Francisco Giants batting - Pitching for New York Mets : RHP Benjamin Ochoa
|
Batting: SHB Kevin Bass
|
0-0: Ball 1-0: Foul Ball, location: 2F 1-1: Ball 2-1: Fly out, F4 (Popup, 23, EV 91.3 MPH)
|
Batting: LHB Ken Griffey Sr
|
0-0: Called Strike 0-1: Ball 1-1: Called Strike 1-2: Strikes out swinging
|
Batting: LHB Keith Hernandez
|
0-0: Foul Ball, location: 2F 0-1: Foul Ball, location: 2F 0-2: Ball 1-2: Fly out, F8 (Flyball, 8LD, EV 73.8 MPH)
|
Top of the 8th over - 0 runs, 0 hits, 0 errors, 0 left on base; San Francisco 1 - New York 4 |
BOTTOM OF THE 8TH |
New York Mets batting - Pitching for San Francisco Giants : RHP Dave Ford
|
Batting: RHB Garry Maddox
|
0-0: Ball 1-0: Foul Ball, location: 2F 1-1: Called Strike 1-2: Ground out U3 (Groundball, 34S, EV 90.6 MPH)
|
Batting: SHB Ken Singleton
|
0-0: Ball 1-0: Ball 2-0: Fly out, F7 (Flyball, 7D, EV 101.9 MPH)
|
Batting: LHB John Kruk
|
0-0: Called Strike 0-1: Fly out, F2 (Popup, 25F, EV 91.9 MPH)
|
Bottom of the 8th over - 0 runs, 0 hits, 0 errors, 0 left on base; San Francisco 1 - New York 4 |
TOP OF THE 9TH |
San Francisco Giants batting - Pitching for New York Mets : RHP Benjamin Ochoa
|
Now at 1B: Gary Redus
|
|
Batting: RHB Phil Bailey
|
0-0: Ball 1-0: Called Strike 1-1: Foul Ball, location: 2F 1-2: Foul Ball, location: 2F 1-2: Ball 2-2: Ball 3-2: Ground out 6-3 (Groundball, 6, EV 101.3 MPH)
|
Batting: RHB Don Slaught
|
0-0: Foul Ball, location: 2F 0-1: SINGLE (Groundball, 56D, EV 106.3 MPH)
|
Batting: RHB Kevin Howard
|
0-0: Called Strike 0-1: Ball 1-1: Foul Ball, location: 2F
|
|
|